 Dungeon Crawl Stone Soup version 0.31-a0-765-g67fe2935dc (webtiles) character file.

Game seed: 1271123902503205907

189 LeprechaunX the Changeling (level 5, -3/34 HPs)
             Began as an Octopode Shapeshifter on Sept 16, 2023.
             Slain by a gnoll
             ... wielding a +0 spear
             ... led by a gnoll bouda
              (5 damage)
             ... on level 4 of the Dungeon.
             The game lasted 00:02:46 (2794 turns).

LeprechaunX the Changeling (Octopode Shapeshifter)  Turns: 2794, Time: 00:02:46

Health: -3/34      AC:  1    Str: 16    XL:     5   Next: 68%
Magic:  6/6        EV:  7    Int: 12    God:
Gold:   172        SH:  0    Dex: 11    Spells: 4/6 levels left

rFire   . .          .
                       - Unarmed
rCold   + . .        (no shield)
rNeg    . . .        (helmet currently unavailable)
rPois   .            (no amulet)
rElec   .            k - ring of protection from cold
rCorr   .            (no ring)
SInv    .            (no ring)
Will    .....        (no ring)
Stlth   ++           (no ring)
HPRegen 0.25/turn    (no ring)
MPRegen 0.10/turn    (no ring)
                     (no ring)

%: no passive effects
@: beast-form, held
A: beast (slay +2), almost no armour, amphibious, 8 rings, camouflage 1,
gelatinous body 1, (nimble swimmer 1), tentacles
a: Begin Untransformation


You were on level 4 of the Dungeon.
You were a hulking beast.
You visited 1 branch of the dungeon, and saw 4 of its levels.

You collected 172 gold pieces.

Inventory:

Missiles
 r - 6 boomerangs
Jewellery
 k - a ring of protection from cold (left tentacle)
Talismans
 b - a beast talisman (active)
 c - a flux talisman
 m - a maw talisman
Wands
 o - a wand of paralysis (6)
 p - a wand of light (8)
Scrolls
 e - 2 scrolls of amnesia {unknown}
 g - a scroll of blinking {unknown}
 h - a scroll of noise {unknown}
 j - a scroll of poison {unknown}
 l - a scroll of vulnerability {unknown}
 n - 2 scrolls of enchant weapon {unknown}
 q - a scroll of enchant armour {unknown}
 s - a scroll of teleportation {unknown}
 t - a scroll of fog {unknown}
Potions
 a - a potion of lignification
 d - a potion of heal wounds {unknown}
 f - 2 potions of haste {unknown}
 i - a potion of curing {unknown}


   Skills:
 + Level 2.2 Fighting
 + Level 3.0 Dodging
 + Level 3.7 Unarmed Combat
 + Level 1.2 Spellcasting
 + Level 1.0 Transmutations
 * Level 4.0 Shapeshifting


You had 4 spell levels left.
You knew the following spells:

 Your Spells              Type           Power      Damage    Failure   Level
a - Wereblood             Tmut           3%         N/A       28%         2

Your spell library contained the following spells:

 Spells                   Type           Power      Damage    Failure   Level
 Irradiate                Conj/Tmut      1%         3d12      100%        5


Dungeon Overview and Level Annotations

Branches:
Dungeon (4/15)
 Temple: D:4-7

Altars:
Ashenzari

Shops:
D:1 !

Annotations:
D:3 1 runed translucent door, Crazy Yiuf


Innate Abilities, Weirdness & Mutations

You are a hulking beast.
Your limbs bulge with bestial killing power. (Slay +2)
You cannot wear most types of armour.
You are amphibious.
You can wear up to eight rings at the same time.
Your skin changes colour to match your surroundings (Stealth+).
Your rubbery body absorbs attacks. (AC +1, EV +1)
((You are camouflaged when in or above water. (Stealth+)))
You have tentacles for arms and can constrict up to eight enemies at once.


Message History

A goblin is nearby!
You tentacle-slap the goblin. You grab the goblin.
The goblin is severely wounded.
You constrict the goblin.
You kill the goblin!
Things that are here:
a +0 club; a goblin corpse You now have 160 gold pieces (gained 10).
Things that are here:
a +0 club; a goblin corpse
Found 4 stones.
You see here 4 stones.
n - 2 scrolls labelled VIASUKHIRI (gained 1)
Found a leather armour.
You now have 172 gold pieces (gained 12).
A gnoll comes into view. It is wielding a +0 whip.
A gnoll is nearby!
A gnoll is nearby!
A gnoll is nearby! 2 orcs, a gnoll bouda and 2 gnolls come into view.
The orc shouts!
The gnoll shouts!
You hear a shout! x2
The gnoll hits you from afar with a +0 halberd!
A gnoll comes into view. It is wielding a +0 spear.
The orc moves out of view.
The gnoll shouts!
The gnoll bouda shouts!
An orc comes into view. It is wielding a +0 club.
The orc shouts!
You bludgeon the gnoll! Your grab misses the gnoll.
The gnoll is severely wounded.
You hear a shout!
The gnoll hits you with a +0 whip! The gnoll barely misses you.
Unknown command.
The gnoll throws a throwing net.
The throwing net hits you.
You become entangled in the net!
You see here a throwing net.
You struggle against the net.
You struggle against the net.
The gnoll hits you with a +0 whip!
* * * LOW HITPOINT WARNING * * *
The gnoll hits you from afar with a +0 spear.
You die...

#.. #.# ###.# ##...##
....[ #####
#.#.###### ###
#...###.#......#.....
#...........hg..!.#
#...###.######g##....
##......... .g. #
#..###.### g### #..#
#.# g# #..# #.# .#
#..# #$# o# #..# #..
go #.(#


You could see a gnoll bouda and 2 gnolls.

Vanquished Creatures
  2 orc priests
  2 adders
  3 dart slugs
  14 orcs
  11 bats
  6 endoplasms
  4 giant cockroaches
  15 goblins
  8 hobgoblins
  2 jackals (D:3)
  3 quokkas (D:1)
  4 ball pythons
  4 frilled lizards (D:1)
  3 kobolds
  4 rats
85 creatures vanquished.

Notes
Turn   | Place    | Note
-------+----------+-------------------------------------------
     0 | D:1      | LeprechaunX the Octopode Shapeshifter began the quest for
                  | the Orb.
     0 | D:1      | Reached XP level 1. HP: 13/13 MP: 1/1
   111 | D:1      | Reached XP level 2. HP: 18/18 MP: 2/2
   235 | D:1      | Found Seusaolol's Distillery.
   613 | D:1      | Reached XP level 3. HP: 12/23 MP: 3/3
  1377 | D:2      | Learned a level 2 spell: Wereblood
  1438 | D:2      | Reached XP level 4. HP: 29/29 MP: 4/4
  2055 | D:3      | Reached XP level 5. HP: 22/34 MP: 6/6
  2311 | D:3      | Found a runed translucent door.
  2312 | D:3      | Noticed Crazy Yiuf
  2418 | D:4      | Reached skill level 1 in Spellcasting
  2425 | D:4      | Reached skill level 1 in Transmutations
  2577 | D:4      | Reached skill level 4 in Shapeshifting
  2610 | D:4      | Found a broken altar of Ashenzari.
  2794 | D:4      | Slain by a gnoll

Illustrated notes

Levels and vault maps discovered:
D:1:      dpeg_arrival_three_bigger_balls, layout_basic, serial_shops,
          nicolae_square_shop, minmay_fountain_box, minmay_misc_feat_five
D:2:      layout_loops_cross
D:3:      minmay_diamond_boxcup, layout_basic, uniq_crazy_yiuf_cottage
D:4:      layout_loops_ring, nicolae_overflow_crystal_walls,
          evilmike_ruin_ashenzari

Skill      XL: |  1  2  3  4  5 |
---------------+----------------+-----
Fighting       | 2 |  2.2
Spellcasting   | 1 |  1.2
Transmutations | 1 |  1.0
Shapeshifting  | 4 |  4.0
Dodging        | 3 |  3.0
Unarmed Combat | |  3.7

Action                     |  1- 3 |  4- 6 || total
---------------------------+-------+-------++-------
  Melee: Unarmed           |    69 |    86 ||   155
         Tentacles         |    16 |    18 ||    34
         Constrict         |    20 |    21 ||    41
   Stab: Sleeping          |    11 |     5 ||    16
 Armour: Skin              |    25 |    39 ||    64
  Dodge: Dodged            |    36 |    52 ||    88

Table legend: (Time is in decaauts)
 A = Elapsed time spent in this place.
 B = Non-inter-level travel time spent in this place.
 C = Inter-level travel time spent in this place.
 D = Time resting spent in this place.
 E = Time spent auto-exploring this place.
 F = Levels seen in this place.
 G = Mean time per level.
                   A        B        C        D        E       F      G
               +--------+--------+--------+--------+--------+-----+--------+
         Total |   2782 |   2649 |    133 |    111 |   2113 |   4 |  695.5 |
       Dungeon |   2782 |   2649 |    133 |    111 |   2113 |   4 |  695.5 |
               +--------+--------+--------+--------+--------+-----+--------+

Top non-repeatable levels by time:
     D:3: 978 daAuts
     D:1: 901 daAuts
     D:2: 636 daAuts
     D:4: 266 daAuts
